 Dungeon Crawl Stone Soup version 0.18-a0-1655-ge2d8d33 (webtiles) character file.

2909 Oddball22 the Fighter (level 9, -1/67 HPs)
             Began as an Octopode Fighter on Mar 31, 2016.
             Was an Initiate of Ru.
             Succumbed to a killer bee's poison
             ... on level 7 of the Dungeon.
             The game lasted 00:15:07 (6692 turns).

Oddball22 the Fighter (Octopode Fighter)            Turns: 6692, Time: 00:15:08

Health: -1/67      AC:  1    Str: 15    XL:     9   Next: 78%
Magic:  0/12       EV: 14    Int: 11    God:    Ru [......]
Gold:   348        SH: 10    Dex: 14    Spells: 0 memorised, 12 levels left

rFire  . . .     SeeInvis .     C - +1 short sword (venom)
rCold  . . .     Gourm    .     b - +0 shield
rNeg   . . .     Faith    .     (helmet restricted)
rPois  .         Spirit   +     z - amulet of guardian spirit
rElec  .         Dismiss  .     o - ring of loudness (curse)
rCorr  .         Reflect  .     (no ring)
SustAt .         Harm     .     (no ring)
MR     .....                    (no ring)
Stlth  +.........               (no ring)
                                (no ring)
                                (no ring)
                                (no ring)

@: lethally poisoned (-1 -> -16), not resistant to hostile enchantments, very
unstealthy
A: almost no armour, amphibious, 8 rings, constrict 8, camouflage 1, gelatinous
body 1
a: Renounce Religion


You were on level 7 of the Dungeon.
You worshipped Ru.
Ru was noncommittal.
You were not hungry.

You visited 2 branches of the dungeon, and saw 9 of its levels.
You also visited: Sewer.

You collected 348 gold pieces.

Inventory:

Hand Weapons
 a - a +0 war axe
 e - a +2 short sword of draining
 x - a +1 dagger of flaming
 A - a +0 short sword of holy wrath
 C - a +1 short sword of venom (weapon)
 G - a +0 hand crossbow
 H - a +3 quarterstaff of chaos
Missiles
 r - 36 bolts
Armour
 b - a +0 shield (worn)
Magical Staves
 D - an uncursed staff of fire
Jewellery
 o - a cursed ring of loudness (left tentacle)
 z - an amulet of guardian spirit (around mantle)
Wands
 q - a wand of paralysis (16/24)
Scrolls
 f - 2 scrolls of identify {unknown}
 i - a scroll of fog {unknown}
 j - a scroll of enchant weapon {unknown}
 k - a scroll of fear {unknown}
 l - 2 scrolls of noise {unknown}
 v - 2 scrolls of enchant armour {unknown}
 w - a scroll of amnesia {unknown}
 y - 4 scrolls of remove curse {unknown}
 B - a scroll of immolation {unknown}
 I - a scroll of random uselessness {unknown}
 J - a scroll of teleportation {unknown}
Potions
 c - 3 potions of brilliance {unknown}
 h - a potion of might
 n - 2 potions of haste {unknown}
 p - 2 potions of flight {unknown}
 s - a potion of magic {unknown}
 t - a potion of cure mutation {unknown}
 u - a potion of curing
Comestibles
 d - 5 bread rations
 g - 3 meat rations
 E - 2 chunks of flesh
 F - a beef jerky


   Skills:
 + Level 8.9 Fighting
 - Level 5.3 Axes
 + Level 1.7 Crossbows
 + Level 6.4 Dodging
 + Level 6.7 Shields
 + Level 2.2 Spellcasting


You had 12 spell levels left.
You didn't know any spells.

Dungeon Overview and Level Annotations

Branches:
Dungeon (8/15)             Temple (1/1) D:7
   Lair: D:8-11

Altars:
Cheibriados
Elyvilon
Fedhas
Kikubaaqudgha
Makhleb
Qazlal
Ru
Vehumet
Yredelemnul
Zin

Shops:
D:4 }


Innate Abilities, Weirdness & Mutations

You cannot wear most types of armour.
You are amphibious.
You can wear up to eight rings at the same time.
You can use your tentacles to constrict eight enemies at once.
Your skin changes colour to match your surroundings (Stealth).
Your rubbery body absorbs attacks (AC +1).


Message History

* * * LOW HITPOINT WARNING * * *
You are more poisoned.
The killer bee poisons you! The killer bee barely misses you.
You block the killer bee's attack.
You miss the killer bee. You grab the killer bee. You squeeze the killer bee.
The killer bee is lightly wounded.
You constrict the killer bee.
* * * LOW HITPOINT WARNING * * *
You feel sick. The killer bee stings you!
* * * LOW HITPOINT WARNING * * *
The killer bee stings you.
* * * LOW HITPOINT WARNING * * *
You are more poisoned.
The killer bee poisons you! The killer bee misses you.
You block the killer bee's attack. x2
Unknown command.
You hit the killer bee.
The killer bee is poisoned.
The killer bee is severely wounded.
You constrict the killer bee.
You die...

#.#######
#.......#
#.#####.# #.# #.#
### #.# #.#
..##### #.#####.#
......# #.#.....#
......####.#.#####
..............yy@#
.............#.#y#
......####.#.#.#y#
..(...# #.#...#.#
##+##### #.#####.#
#.#...# #.......#
#.#...# #.#######
#.#...# #.#
#.....# #.#


You could see 4 killer bees.

Vanquished Creatures
  Joseph (D:7)
  Prince Ribbit (D:5)
  2 hungry ghosts
  2 ogres (D:6)
  A centaur (D:6)
  6 big kobolds
  3 giant frogs
  A water moccasin skeleton (D:7)
  7 killer bees (D:7)
  A howler monkey (D:5)
  3 crimson imps (D:6)
  A quasit (D:6)
  4 hounds
  A jelly (D:7)
  3 orc wizards
  An orc priest (D:6)
  Crazy Yiuf (D:7)
  2 giant frog skeletons
  2 iguanas
  A worker ant (D:6)
  A hound zombie (D:6)
  A hound skeleton (D:7)
  A worker ant zombie (D:5)
  4 gnolls (D:6)
  12 adders
  A river rat (Sewer)
  4 oozes
  An adder zombie (D:6)
  A worm (Sewer)
  8 giant geckos
  10 orcs
  11 bats
  3 giant cockroaches
  17 goblins
  3 hobgoblins
  34 kobolds
  3 quokkas
  5 ball pythons
  8 giant newts
  A quokka skeleton (D:5)
  7 rats
180 creatures vanquished.

Vanquished Creatures (others)
  A gnoll (D:4)
1 creature vanquished.

Grand Total: 181 creatures vanquished

Notes
Turn   | Place    | Note
--------------------------------------------------------------
     0 | D:1      | Oddball22 the Octopode Fighter began the quest for the Orb.
     0 | D:1      | Reached XP level 1. HP: 16/16 MP: 1/1
    95 | D:1      | Reached XP level 2. HP: 19/21 MP: 2/2
   552 | D:2      | Found a basalt altar of Yredelemnul.
   577 | D:2      | Reached XP level 3. HP: 26/26 MP: 3/3
  1105 | D:2      | Reached XP level 4. HP: 33/33 MP: 4/4
  1214 | D:3      | Reached skill level 4 in Fighting
  1595 | D:4      | Found a radiant altar of Vehumet.
  1667 | D:4      | Found Xeyrphy's Gadget Shoppe.
  1715 | D:4      | Reached XP level 5. HP: 31/37 MP: 5/5
  1798 | D:4      | Found a glowing drain.
  2054 | Sewer    | Entered a sewer
  2073 | Sewer    | Noticed a big kobold
  2088 | Sewer    | Killed a big kobold
  2088 | Sewer    | Reached XP level 6. HP: 35/45 MP: 6/6
  2243 | Sewer    | Reached skill level 5 in Fighting
  2671 | Sewer    | Reached XP level 7. HP: 50/50 MP: 7/7
  3096 | D:4      | Found a white marble altar of Elyvilon.
  3211 | D:5      | Entered Level 5 of the Dungeon
  3256 | D:5      | Reached skill level 6 in Fighting
  3370 | D:5      | Noticed a hungry ghost
  3392 | D:5      | Killed a hungry ghost
  3392 | D:5      | Reached skill level 5 in Shields
  3392 | D:5      | Reached XP level 8. HP: 56/58 MP: 8/8
  3405 | D:5      | Noticed Prince Ribbit
  3415 | D:5      | Killed Prince Ribbit
  3432 | D:5      | Reached skill level 5 in Dodging
  3819 | D:6      | Reached skill level 7 in Fighting
  4296 | D:6      | Reached skill level 5 in Axes
  4670 | D:6      | Found a stormy altar of Qazlal.
  4671 | D:6      | Found a blossoming altar of Fedhas.
  4679 | D:6      | Reached XP level 9. HP: 65/66 MP: 9/9
  4966 | D:6      | Reached skill level 8 in Fighting
  5232 | D:7      | Found a staircase to the Ecumenical Temple.
  5239 | Temple   | Entered the Ecumenical Temple
  5419 | Temple   | Became a worshipper of Ru the Awakened
  5743 | D:7      | Reached skill level 1 in Spellcasting
  6039 | D:7      | Noticed Joseph
  6235 | D:7      | Noticed Crazy Yiuf
  6242 | D:7      | Killed Crazy Yiuf
  6504 | D:7      | Killed Joseph
  6504 | D:7      | Reached skill level 1 in Crossbows
  6691 | D:7      | HP: 1/67 [killer bee (3)]
  6692 | D:7      | Succumbed to a killer bee's poison

Vault maps used:
D:1:      minmay_arrival_nine_rooms, hangedman_decor_lopped
D:2:      kennysheep_the_goblin_king, st_stairs_4, yredelemnul_altar_generic
D:3:      first_bread, serial_glass, glass_columns_a, glass_columns_b
D:4:      elyvilon_altar_4, fiery_altar_vehumet, serial_shops, shop_fountains,
          gup_sewer_entry_glass
D:5:      uniq_prince_ribbit1
D:6:      kennysheep_kobold_camp, grunt_temple_overflow_forces_of_nature
D:7:      minmay_temple_entry_hall, uniq_joseph, uniq_crazy_yiuf_cottage
D:8:      grunt_pakellas_sulfur, minitemple, basic_altar, uniq_psyche,
          uniq_maurice
Temple:   circular_temple_6
Sewer:    sewer_co_tree

Skill      XL: |  1  2  3  4  5  6  7  8  9 |
---------------+----------------------------+-----
Fighting       | 4 5 6 7 8 |  8.9
Axes           | 3 4 5 |  5.3
Shields        | 4 5 6 |  6.7
Dodging        | 4 5 6 |  6.4
Spellcasting   | 2 |  2.2
Crossbows      | 1 |  1.7

Action                   |  1- 3 |  4- 6 |  7- 9 || total
-------------------------+-------+-------+-------++-------
Melee: War axe           |    13 |       |    43 ||    56
       Short sword       |    59 |    95 |   241 ||   395
 Fire: Hand crossbow     |       |       |     6 ||     6
  Use: Potion            |     2 |     2 |     3 ||     7
 Stab: Sleeping          |     2 |     5 |     2 ||     9
  Eat: Chunk             |     1 |     3 |    12 ||    16
       Beef jerky        |       |       |     1 ||     1
       Meat ration       |       |       |     1 ||     1
       Bread ration      |       |       |     1 ||     1
       Royal jelly       |       |       |     1 ||     1
